Map: Lightshade LE

Players

TeckLord

  • Race: Protoss Protoss
  • League: Bronze

LoveSonq - Winner!

  • Race: Zerg Zerg
  • League: Master

VOD

Have the link to the VOD?

Description

Time

  • Played on: Sept. 29, 2021, 12:10 p.m.
  • Length: 22:43
Show
View Real Time Build Order
Export as new Build Order

TeckLord Protoss 

Build Orders:  

Get SALT Encoding   

  12  0:00  Probe  
  13  0:12  Probe  
  14  0:17  Pylon  
  14  0:24  Probe  
  15  0:35  Gateway  
  15  0:38  Probe  
  16  0:48  Pylon  
  16  0:52  Probe  
  17  1:04  Assimilator  
  17  1:06  Assimilator, Probe  
  19  1:18  Probe  
  19  1:23  Forge  
  19  1:34  Cybernetics Core  
  19  1:42  Zealot  
  19  1:46  Probe  
  22  1:59  Photon Cannon  
  23  2:01  Probe  
  23  2:13  Warp Gate (Chrono Boost)  
  23  2:20  Pylon  
  23  2:23  Stalker  
  23  2:25  Probe  
  26  2:32  Protoss Ground Armor Level 1 (Chrono Boost)  
  26  2:42  Gateway  
  26  2:43  Probe  
  27  2:55  Probe  
  27  2:57  Stalker  
  30  3:07  Probe  
  31  3:13  Gateway  
  31  3:19  Probe  
  32  3:32  Probe  
  33  3:40  Stalker x2  
  37  3:47  Probe  
  38  3:53  Pylon  
  38  4:08  Probe  
  39  4:21  Probe  
  39  4:22  Stargate  
  39  4:23  Pylon  
  40  4:31  Pylon  
  40  4:34  Protoss Ground Weapons Level 1 (Chrono Boost)  
  40  4:36  Probe  
  41  4:49  Pylon  
  41  4:50  Stalker x2  
  41  4:51  Stalker  
  37  5:08  Stalker x3  
  37  5:10  Probe  
  37  5:12  Oracle  
  41  5:27  Probe, Stargate  
  42  5:32  Zealot x3  
  48  5:49  Oracle  
  51  5:56  Nexus  
  51  5:58  Probe, Pylon  
  52  6:09  Stalker x2  
  52  6:10  Probe  
  57  6:14  Zealot  
  59  6:23  Assimilator  
  59  6:26  Assimilator  
  59  6:30  Shield Battery  
  59  6:31  Probe  
  60  6:34  Void Ray  
  64  7:18  Twilight Council  
  64  7:20  Gateway  
  64  7:21  Probe  
  65  7:23  Gateway  
  65  7:27  Photon Cannon  
  65  7:29  Photon Cannon  
  65  7:31  Probe  
  65  7:33  Probe  
  67  7:42  Protoss Air Weapons Level 1 (Chrono Boost)  
  67  7:52  Probe x2  
  69  8:05  Blink (Chrono Boost)  
  69  8:06  Probe x2  
  69  8:10  Protoss Ground Weapons Level 2 (Chrono Boost)  
  71  8:18  Probe x2  
  73  8:26  Pylon  
  73  8:29  Robotics Facility  
  73  8:30  Probe x2  
  75  8:47  Probe x2  
  77  8:48  Stalker x2  
  77  8:49  Stalker  
  83  9:43  Pylon  
  83  9:51  Robotics Bay  
  83  9:53  Pylon  
  83  9:54  Probe x2  
  83  9:56  Stalker  
  83  9:57  Stalker x3  
  93  10:12  Observer  
  93  10:13  Probe x2  
  96  10:19  Charge (Chrono Boost)  
  96  10:27  Extended Thermal Lance (Chrono Boost)  
  96  10:30  Nexus  
  96  10:33  Pylon  
  96  10:38  Templar Archives  
  96  10:44  Colossus  
  96  10:46  Probe x2  
  104  10:53  Photon Cannon x2  
  104  10:56  Shield Battery  
  104  11:01  Assimilator  
  104  11:03  Psionic Storm  
  104  11:05  Assimilator  
  104  11:11  Pylon  
  104  11:21  Forge  
  104  11:25  Protoss Ground Weapons Level 3 (Chrono Boost)  
  104  11:32  Probe x2  
  106  11:36  Stalker x4  
  106  11:37  Stalker  
  106  11:38  Colossus (Chrono Boost)  
  116  11:44  Probe, Protoss Air Armor Level 1  
  123  12:02  Probe x3  
  126  12:25  Void Ray  
  126  12:27  Stalker x5  
  140  12:46  Protoss Ground Armor Level 2 (Chrono Boost)  
  140  12:50  Pylon  
  140  12:53  Pylon  
  140  12:54  Pylon  
  140  13:01  Pylon  
  140  13:02  Void Ray  
  140  13:03  Pylon  
  140  13:05  Pylon  
  140  13:07  Observer  
  145  13:28  Observer  
  145  13:31  Nexus  
  146  13:34  Pylon  
  146  13:36  High Templar x5  
  156  13:46  Gateway  
  156  13:48  Gateway  
  156  13:52  Gateway  
  156  13:58  Photon Cannon  
  156  13:59  Photon Cannon  
  156  14:01  Shield Battery  
  156  14:03  Shield Battery  
  156  14:06  Assimilator  
  156  14:10  Observer  
  156  14:11  Assimilator  
  156  14:16  Pylon  
  157  14:20  Fleet Beacon  
  157  14:23  Stargate  
  157  14:28  Stargate  
  157  14:36  Zealot x4  
  157  14:37  Zealot  
  167  15:00  Colossus  
  167  15:03  Stalker x5  
  167  15:04  Stalker x3  
  189  15:18  Protoss Ground Armor Level 3 (Chrono Boost)  
  189  15:23  Probe x2  
  189  15:24  Probe x2  
  189  15:27  Protoss Air Weapons Level 2 (Chrono Boost)  
  193  15:45  Stargate  
  193  15:47  Stargate  
  193  15:53  Protoss Shields Level 1 (Chrono Boost)  
  193  16:43  Nexus  
  140  16:55  Void Ray  
  140  16:56  Void Ray x4  
  110  17:04  Stalker x2  
  110  17:05  Stalker x5  
  86  17:32  Void Ray  
  86  17:33  Void Ray x2  
  86  17:37  Probe x3  
  86  17:38  Probe  
  102  17:49  Probe x2  
  102  17:50  Probe, Pylon  
  105  17:55  Assimilator  
  101  17:59  Zealot x6  
  101  18:00  Zealot x2  
  90  18:38  Probe x4  
  94  18:41  Probe  
  94  18:43  Pylon  
  94  18:44  Tempest x4  
  94  18:47  High Templar x2  
  119  18:50  Probe x3  
  122  18:56  Probe x2  
  122  18:59  Observer  
  122  19:02  Probe x2  
  127  19:03  Stalker x2  
  131  19:44  Stalker x2  
  131  19:45  Stalker x6  
  145  19:48  Probe  
  145  19:49  Probe x4  
  152  19:55  Photon Cannon  
  152  19:57  Photon Cannon  
  152  20:00  Shield Battery  
  152  20:01  Probe  
  151  20:12  Void Ray x2  
  126  20:33  Stalker x3  
  126  20:34  Stalker  
  84  20:53  Tempest  
  82  21:00  Zealot  
  82  21:01  Zealot x4  
  81  21:17  Zealot  
  81  21:18  Zealot x2  
  65  21:53  Zealot x5  
  65  21:54  Zealot x3  
  54  22:20  Zealot, Pylon  
  54  22:21  Zealot x3  
  62  22:25  Pylon  
Show
View Real Time Build Order
Export as new Build Order

LoveSonq Zerg - Winner!

Build Orders: Pool First 

Get SALT Encoding   

  12  0:00  Drone  
  13  0:08  Drone  
  14  0:29  Spawning Pool  
  14  0:31  Drone  
  14  0:36  Overlord  
  14  0:48  Drone, Extractor  
  14  1:05  Drone  
  15  1:16  Zergling x2  
  15  1:18  Zergling x2, Hatchery  
  16  1:30  Queen  
  18  1:34  Zergling x2  
  18  1:39  Drone  
  20  1:49  Zergling x4  
  22  2:00  Overlord  
  22  2:19  Metabolic Boost  
  22  2:20  Zergling x2  
  23  2:24  Drone  
  23  2:44  Lair  
  23  2:47  Queen  
  23  2:49  Drone  
  26  3:05  Drone  
  27  3:11  Drone x2  
  29  3:13  Drone  
  30  3:23  Zergling x6  
  30  3:24  Drone x2  
  35  3:27  Overlord  
  35  3:33  Overlord  
  35  3:42  Hydralisk Den  
  35  3:45  Extractor  
  35  3:46  Drone x2  
  35  3:50  Drone  
  33  4:08  Overlord x3  
  33  4:11  Zergling x2  
  33  4:14  Zergling x2  
  33  4:15  Zergling x2  
  36  4:22  Zergling x4  
  38  4:34  Zergling x6  
  38  4:35  Zergling x2  
  38  4:36  Zergling x2  
  41  4:55  Zergling x10  
  44  5:03  Zergling x8  
  44  5:15  Grooved Spines  
  44  5:19  Drone x2  
  46  6:01  Drone x3, Hydralisk  
  46  6:02  Drone, Hydralisk x5  
  62  6:05  Drone  
  62  6:06  Drone  
  64  6:25  Drone  
  65  6:27  Muscular Augments  
  65  6:29  Overlord  
  65  6:30  Hatchery  
  61  7:00  Hydralisk x5  
  61  7:01  Hydralisk x2  
  72  7:19  Zergling x2, Hydralisk, Nydus Network  
  72  7:20  Zergling x2  
  75  7:44  Drone x2  
  77  7:45  Evolution Chamber  
  76  7:56  Queen  
  78  7:58  Drone  
  79  8:15  Extractor  
  79  8:18  Drone x3  
  79  8:19  Extractor  
  80  8:21  Drone x2  
  80  8:23  Overlord x2  
  80  8:24  Overlord x2  
  80  8:26  Overseer  
  82  8:27  Pneumatized Carapace  
  82  8:36  Zerg Missile Weapons Level 1  
  82  8:49  Nydus Canal  
  82  9:13  Drone  
  82  9:14  Drone x5  
  82  9:15  Drone x3  
  82  9:16  Hydralisk  
  88  9:37  Hydralisk x4  
  88  9:38  Zergling x4  
  98  10:02  Drone x5  
  98  10:03  Hydralisk  
  98  10:04  Zergling x2  
  98  10:06  Overlord x4  
  106  10:19  Infestation Pit  
  105  10:55  Hatchery  
  104  10:58  Drone, Extractor  
  104  10:59  Drone x2  
  104  11:00  Drone x3  
  104  11:01  Drone x3  
  112  11:07  Extractor  
  112  11:08  Zerg Missile Weapons Level 2  
  111  11:12  Infestor  
  111  11:13  Infestor x3  
  119  11:30  Drone x3  
  122  11:37  Drone x3, Hydralisk x3  
  122  11:38  Zergling x10  
  136  11:40  Hive  
  136  11:46  Evolution Chamber  
  135  11:53  Nydus Canal  
  135  12:29  Nydus Canal  
  135  12:42  Zerg Melee Weapons Level 1  
  135  12:51  Burrow  
  135  12:55  Queen  
  135  12:56  Drone x2  
  135  12:57  Drone x2, Hydralisk  
  135  12:58  Zergling x2  
  144  12:59  Overlord x5  
  144  13:37  Zerg Missile Weapons Level 3, Ultralisk Cavern  
  143  14:24  Ultralisk  
  143  14:25  Ultralisk x5  
  143  14:27  Chitinous Plating  
  179  14:33  Drone x3  
  179  14:34  Drone x2, Overlord  
  179  14:35  Overlord x2  
  184  14:52  Adrenal Glands  
  184  14:55  Zerg Melee Weapons Level 2  
  184  15:46  Anabolic Synthesis  
  184  16:14  Zerg Ground Armor Level 1  
  134  16:56  Ultralisk x3, Hydralisk x5  
  134  16:57  Zergling x4  
  134  16:58  Zergling x12  
  134  16:59  Zergling x2, Infestor x2  
  150  17:14  Zergling x4, Hydralisk x2  
  162  17:15  Ultralisk  
  162  17:16  Ultralisk  
  150  17:25  Zerg Melee Weapons Level 3  
  150  17:29  Ultralisk x2, Viper  
  163  17:30  Zergling x2  
  131  18:19  Hydralisk  
  112  18:20  Hydralisk x3  
  112  18:21  Ultralisk x3, Hydralisk x4  
  122  18:44  Hydralisk x2  
  122  18:45  Ultralisk x2, Hydralisk x3  
  144  18:51  Extractor  
  144  18:53  Extractor  
  142  19:11  Hatchery, Hydralisk x3  
  142  19:13  Zergling x18  
  142  19:14  Zergling x12  
  162  19:31  Zergling x2  
  162  19:32  Hydralisk x3  
  162  19:33  Ultralisk  
  175  19:49  Overseer  
  159  20:20  Hydralisk x4  
  159  20:21  Ultralisk x2, Zergling x2, Hydralisk x3  
  176  20:22  Zergling x4, Hydralisk x2  
  171  20:41  Hydralisk  
  171  20:42  Hydralisk  
  155  20:45  Hydralisk  
  151  20:54  Hydralisk x3  
  138  21:16  Hydralisk x3  
  138  21:17  Zergling x2, Hydralisk  
  138  21:18  Zergling x6  
  118  21:34  Hydralisk x5  
  118  21:35  Hydralisk x3  
  122  21:50  Hydralisk x4  
  122  21:51  Zergling x2, Hydralisk  
  117  22:18  Hydralisk x3  
Tags
 
Add a new tag
Caveats
  • Supply blocks, unpowered buildings, or Contaminate may cause inaccurate times.
  • Supply counts are checked every 10 seconds.